Cogmind - Beta 15 @@@ ROGUE MODE // 2025.06.22 @ 01:53:30 Player: Ladmageddon Result: Destroyed by as-18531 with Assembled Heavy Rifle Performance ------------- Evolutions (0) 0 Regions Visited (4) 800 Robots Destroyed (25) 125 Value Destroyed (504) 504 Prototype IDs (2) 40 Alien Tech Used (0) 0 Bonus (300) 300 TOTAL SCORE: 1769 Bonus ------- Aligned with FarCom 300 Cogmind --------- Core Integrity 0/250 Matter 294/300 Energy 100/100 System Corruption 0% Temperature Cool (0) Movement Rolling (80) Location -9/Mines Parts ------- > --- POWER (1) -------- (None) > --- PROPULSION (2) --- Wheel Wheel > --- UTILITY (2) ------ Small Storage Unit Improved Terrain Scanner > --- WEAPON (2) ------- Light Assault Rifle > --- INVENTORY (8) ---- Heat Sink Improved Heat Sink High-capacity Battery (250) Structural Scanner Small Laser Small Laser Particle Gun Light Assault Rifle Peak State ------------ > --- POWER ------------ Light Nuclear Core > --- PROPULSION ------- Wheel Wheel > --- UTILITY ---------- Small Storage Unit Improved Terrain Scanner > --- WEAPON ----------- Small Laser Particle Gun > --- INVENTORY -------- Light Ion Engine Heat Sink Improved Heat Sink Structural Scanner Small Laser Small Laser Light Assault Rifle Light Assault Rifle [Rating: 13] Favorites ----------- Power Light Nuclear Core Engine Light Ion Engine Power Core Light Nuclear Core Propulsion Wheel Wheel Wheel Utility Small Storage Unit Device Improved Terrain Scanner Storage Small Storage Unit Weapon Particle Gun Energy Gun Particle Gun Ballistic Gun Light Assault Rifle Special Weapon Mining Laser Build | -11 -10 -10 -10 -9 ------- Run | Yrd Mat Min Exi Min Slots Evolved . | . . . . . Power . | . . . . . Propulsion . | . . . . . Utility . | . . . . . Weapon . | . . . . . Parts Attached 22 | 9 3 10 . . Power 3 | 1 . 2 . . Engine 2 | 1 . 1 . . Core 1 | . . 1 . . Reactor . | . . . . . Propulsion 8 | 4 1 3 . . Treads . | . . . . . Leg . | . . . . . Wheel 8 | 4 1 3 . . Hover . | . . . . . Flight . | . . . . . Utility 3 | 2 . 1 . . Device 2 | 1 . 1 . . Storage 1 | 1 . . . . Processor . | . . . . . Hackware . | . . . . . Protection . | . . . . . Artifact . | . . . . . Weapon 8 | 2 2 4 . . Energy Gun 6 | 1 2 3 . . Energy Cannon . | . . . . . Ballistic Gun 1 | 1 . . . . Ballistic Cannon . | . . . . . Launcher . | . . . . . Special Weapon 1 | . . 1 . . Impact Weapon . | . . . . . Slashing Weapon . | . . . . . Piercing Weapon . | . . . . . Special Melee Weapon . | . . . . . Unidentified Prototypes . | . . . . . Parts Lost 11 | . 3 6 . 2 Power 3 | . . 2 . 1 Propulsion 3 | . 1 2 . . Utility . | . . . . . Weapon 5 | . 2 2 . 1 Highest Loss Streak 3 | . 3 3 . 2 To Critical Strikes . | . . . . . Average Backups 6 | 3 2 6 8 8 Power . | . 1 . . . Propulsion . | . . . . . Utility 2 | . . 2 3 4 Weapon 3 | 1 1 3 4 4 Tool/Special . | . . . . . Unused Backups 8 | . . 1 1 6 Power 2 | . . 1 1 . Propulsion . | . . . . . Utility 3 | . . . . 3 Weapon 3 | . . . . 3 Tool/Special . | . . . . . Average Slot Usage (%) 99 | . 98 99 100 96 Engine 3 | . 14 3 . . Core 10 | . . 9 14 10 Wheel 27 | . 26 27 28 28 Device 14 | . 14 14 14 14 Storage 14 | . 14 14 14 14 Energy Gun 18 | . 19 21 14 14 Ballistic Gun 9 | . 8 5 14 14 Peak Build Rating 13 | 9 9 13 13 13 Average Rating 11 | 5 8 11 13 11 On Entrance 8 | . 9 9 13 13 Naked Turns . | . . . . . Heaviest Build 15 | 12 13 15 15 15 Greatest Support 32 | 32 20 20 20 20 Greatest Overweight (x) 1 | . 1 1 . . Average Overweight (x) . | . . . . . Largest Inventory Capacity 8 | 8 8 8 8 8 Average Capacity 7 | 7 8 8 8 8 Most Carried 8 | 5 5 8 8 8 Average Carried 6 | 3 2 6 7 8 Final Capacity 8 | 8 8 8 8 8 Final Carried 8 | 3 5 8 8 8 Class Distribution -------------------- 70% | Scavenger-Mutant 28% | Mutant Dominant Class ---------------- Mutant | -10/Materials Scavenger-Mutant | -10/Mines Scavenger-Mutant | -10/Exiles Scavenger-Skirmisher | -9/Mines Resources | -11 -10 -10 -10 -9 ----------- Run | Yrd Mat Min Exi Min Matter Collected 481 | 297 47 137 . . Remotely . | . . . . . Salvage Created 738 | 116 189 433 . . Parts 48 | 9 9 30 . . Haulers Intercepted . | . . . . . Recyclers Shooed . | . . . . . Parts Field Recycled . | . . . . . Retrieved Matter . | . . . . . Parts Self-Destructed . | . . . . . Prevented . | . . . . . Kills | -11 -10 -10 -10 -9 ------- Run | Yrd Mat Min Exi Min Combat Hostiles Destroyed 15 | . 5 10 . . Guns 15 | . 5 10 . . Classes Destroyed 5 | 2 3 . . . Builder 3 | . 2 1 . . Tunneler 5 | 2 . 3 . . Recycler 2 | 1 1 . . . Swarmer 6 | . 3 3 . . Grunt 9 | . 2 7 . . Best Kill Streak 6 | 3 6 4 . . Combat Bots Only 3 | . 2 3 . . Max Kills in Single Turn 3 | 1 3 1 . . Gunslinging . | . . . . . Exploded . | . . . . . Melee . | . . . . . Uniques/NPCs Destroyed . | . . . . . Combat | -11 -10 -10 -10 -9 -------- Run | Yrd Mat Min Exi Min Hostile Shots Fired 122 | . 24 65 . 33 Missed 36 | . 9 19 . 8 Hits 86 | . 15 46 . 25 Projectile 86 | . 15 46 . 25 Critical Strikes 1 | . . 1 . . Damage Taken 1184 | . 318 503 . 363 Core 257 | . 27 139 . 91 Absorbed by Shields . | . . . . . Core Remaining (%) 100 | 100 . . . . Volleys Fired 83 | 8 12 57 . 6 Largest 2 | 2 2 2 . 2 Hottest 140 | 70 100 140 . 85 Shots Fired 145 | 16 24 95 . 10 Gun 142 | 16 24 92 . 10 Cannon . | . . . . . Launcher . | . . . . . Special 3 | . . 3 . . Kinetic 36 | 8 11 11 . 6 Thermal 109 | 8 13 84 . 4 Explosive . | . . . . . Electromagnetic . | . . . . . Robot Hit Streak 12 | 4 12 8 . 3 Robot Miss Streak 4 | 2 2 3 . 4 Penetration Max . | . . . . . Secondary Targets . | . . . . . Shots Hit Robots 82 | 10 16 51 . 5 Core Hits 37 | 6 9 20 . 2 Critical Kills . | . . . . . Critical Parts Destroyed . | . . . . . Critical Strikes 1 | . 1 . . . Burn 1 | . 1 . . . Melee Attacks . | . . . . . Impact . | . . . . . Slashing . | . . . . . Piercing . | . . . . . Sneak Attacks . | . . . . . Combat Hostiles . | . . . . . Follow-up Attacks . | . . . . . Damage Inflicted 1433 | 114 532 713 . 74 Guns 1055 | 114 169 698 . 74 Cannons . | . . . . . Explosions 363 | . 363 . . . Melee . | . . . . . Ramming 15 | . . 15 . . Kinetic 189 | 40 59 50 . 40 Thermal 1229 | 74 473 648 . 34 Explosive . | . . . . . Electromagnetic . | . . . . . Impact . | . . . . . Slashing . | . . . . . Piercing . | . . . . . Highest Corruption . | . . . . . Average Corruption . | . . . . . Corruption Purged . | . . . . . Corruption Blocked . | . . . . . Overload Shots . | . . . . . Overflow Damage 123 | . 123 . . . Projectiles . | . . . . . Explosions 123 | . 123 . . . Melee . | . . . . . Knockbacks . | . . . . . Impact . | . . . . . Kinetic . | . . . . . Secondary . | . . . . . Self-Inflicted Damage 182 | . 175 7 . . Shots 2 | . 2 . . . Rammed 3 | . . 3 . . Targets Rammed 3 | . . 3 . . Kicked . | . . . . . Crushed . | . . . . . Highest Temperature 399 | 70 152 399 . 134 Average Temperature 83 | 30 60 94 . 74 Received Heat Transfer 337 | . 42 255 . 40 Effects 3 | . . 3 . . Energy Bleed 1 | . . 1 . . Interference 1 | . . 1 . . Matter Decay 1 | . . 1 . . Siege Activations . | . . . . . Martial Activations . | . . . . . Shielding Activations . | . . . . . Robots Disrupted . | . . . . . Combat Hostiles . | . . . . . Robots Corrupted . | . . . . . Combat Hostiles . | . . . . . Parts Fried . | . . . . . Impact Corruptions . | . . . . . Robots Melted . | . . . . . Combat Hostiles . | . . . . . Parts Melted 7 | . 2 5 . . Heat Transferred 2489 | 222 657 1536 . 74 Parts Sabotaged . | . . . . . Parts Stolen . | . . . . . Parts Stripped . | . . . . . Power Chain Reactions . | . . . . . Alert | -11 -10 -10 -10 -9 ------- Run | Yrd Mat Min Exi Min Maximum Alert Level . | . . . . . Low Security (%) 100 | 100 100 100 . 100 Level 1 . | . . . . . Level 2 . | . . . . . Level 3 . | . . . . . Level 4 . | . . . . . Level 5 . | . . . . . High Security . | . . . . . Max Security . | . . . . . Peak Influence 104 | 10 104 67 . . Initial 36 | . . 36 . . Average 22 | 1 51 18 . . Influence Increases 500 | 15 194 291 . . Destroy 0b10 Robot/C 300 | . 100 200 . . Destroy 0b10 Robot/NC 50 | 15 15 20 . . Destroy Leader 50 | . 10 40 . . Disable Machine 75 | . 45 30 . . Destroy Structure 25 | . 24 1 . . Influence Decreases 500 | 15 100 385 . . Entered New Map 58 | . . 58 . . Time Decay 352 | 15 70 267 . . Lost Part 90 | . 30 60 . . Squads Dispatched 1 | . . 1 . . Investigation 1 | . . 1 . . Extermination . | . . . . . Reinforcement . | . . . . . Assault . | . . . . . Garrison . | . . . . . Intercept . | . . . . . Searches Triggered . | . . . . . Construction Impeded . | . . . . . Haulers Reinforced . | . . . . . Active Scanning Responses . | . . . . . Cargo Convoy Interrupts . | . . . . . Stealth | -11 -10 -10 -10 -9 --------- Run | Yrd Mat Min Exi Min Distress Signals 2 | . 2 . . . Communications Jammed . | . . . . . Distress Signals . | . . . . . Times Spotted 40 | . 10 10 . 20 Peak Tracking Total 20 | . 3 3 . 20 Tactical Retreats . | . . . . . Traps | -11 -10 -10 -10 -9 ------- Run | Yrd Mat Min Exi Min Traps Triggered . | . . . . . Indirectly . | . . . . . Trap Hack Attempts . | . . . . . Triggered . | . . . . . Disarmed . | . . . . . Reprogrammed . | . . . . . Reused . | . . . . . Traps Extracted . | . . . . . Installed . | . . . . . Triggered . | . . . . . Machines | -11 -10 -10 -10 -9 ---------- Run | Yrd Mat Min Exi Min Machines Disabled 5 | . 3 2 . . Max in Single Turn 3 | . 3 1 . . Machines Repaired . | . . . . . Machines Dismantled . | . . . . . Machines Sabotaged . | . . . . . Overloaded Fab Kills . | . . . . . Hacking | -11 -10 -10 -10 -9 --------- Run | Yrd Mat Min Exi Min Machines Accessed 6 | . 2 1 3 . Terminals 3 | . 2 1 . . Fabricators . | . . . . . Repair Stations . | . . . . . Recycling Units . | . . . . . Scanalyzers . | . . . . . Garrison Access . | . . . . . Total Hacks 35 | . 7 2 26 . Successful 29 | . 3 . 26 . Failed 6 | . 4 2 . . Catastrophic . | . . . . . Database Lockouts . | . . . . . Manual 2 | . . . 2 . Terminals 9 | . 7 2 . . Fabricators . | . . . . . Repair Stations . | . . . . . Recycling Units . | . . . . . Scanalyzers . | . . . . . Garrison Access . | . . . . . Terminal Hacks 29 | . 3 . 26 . Record 26 | . . . 26 . Prototype ID Bank 1 | . 1 . . . Alert Level 2 | . 2 . . . Fabricator Hacks . | . . . . . Repair Station Hacks . | . . . . . Recycling Unit Hacks . | . . . . . Scanalyzer . | . . . . . Garrison Access Hacks . | . . . . . Unauthorized Hacks . | . . . . . Terminals . | . . . . . Fabricators . | . . . . . Repair Stations . | . . . . . Recycling Units . | . . . . . Scanalyzers . | . . . . . Garrison Access . | . . . . . Data Cores Recovered . | . . . . . Used . | . . . . . Hacking Detections 3 | . 2 1 . . Full Trace Events 2 | . 1 1 . . Feedback Events . | . . . . . Feedback Blocked . | . . . . . Robot Schematics Acquired . | . . . . . Robots Built . | . . . . . Authchips . | . . . . . Time . | . . . . . Total Robot Build Rating . | . . . . . Part Schematics Acquired . | . . . . . Parts Built . | . . . . . Authchips . | . . . . . Time . | . . . . . Total Part Build Rating . | . . . . . Parts Repaired . | . . . . . Time . | . . . . . Parts Recycled . | . . . . . Recycled Matter . | . . . . . Retrieved Matter . | . . . . . Retrieved Components . | . . . . . Parts Scanalyzed . | . . . . . Part Schematics Acquired . | . . . . . Parts Damaged . | . . . . . Bothacking | -11 -10 -10 -10 -9 ------------ Run | Yrd Mat Min Exi Min Used RIF Installer . | . . . . . Robots Hacked . | . . . . . Non-combat . | . . . . . Combat . | . . . . . Robot Hacks Applied . | . . . . . Relay Couplers Released . | . . . . . Fabnet Peak Effective % . | . . . . . Robots Rewired . | . . . . . Allies Hacked . | . . . . . Hacks Repelled . | . . . . . Allies | -11 -10 -10 -10 -9 -------- Run | Yrd Mat Min Exi Min Total Allies . | . . . . . Largest Group . | . . . . . Highest-Rated Group . | . . . . . Highest-Rated Ally . | . . . . . Total Orders . | . . . . . Ally Attacks . | . . . . . Total Damage . | . . . . . Kills . | . . . . . Allies Corrupted . | . . . . . Allies Melted . | . . . . . Intel | -11 -10 -10 -10 -9 ------- Run | Yrd Mat Min Exi Min Active Infowar (turns) 1096 | 28 214 571 255 28 Terrain 1096 | 28 214 571 255 28 Robot Analysis Total . | . . . . . Derelict Logs Recovered 2 | . . 2 . . Drone Launches . | . . . . . Drone Recoveries . | . . . . . Exploration | -11 -10 -10 -10 -9 ------------- Run | Yrd Mat Min Exi Min Turns Passed 2005 | 110 214 932 721 28 Spaces Moved 2002 | 82 136 933 835 16 Core 12 | 12 . . . . Treads . | . . . . . Legs . | . . . . . Wheels 1990 | 70 136 933 835 16 Hover . | . . . . . Flight . | . . . . . Fastest Speed 50 | 50 80 80 80 80 Average Speed 80 | 80 81 80 80 80 Slowest Speed 100 | 100 95 95 80 80 Overloaded Moves . | . . . . . Propulsion Burnouts . | . . . . . Robots Hopped . | . . . . . Potential Cave-ins . | . . . . . Cave-ins Triggered . | . . . . . Exploration Rate (%) 44 | 4 25 95 89 10 Regions Visited 4 Branch Regions 3 Pre-discovered Areas 2 | . . 2 . . Known Exits Taken . | . . . . . Unknown Exits Taken 4 | 1 1 1 1 . Scrap Searched 1 | . . 1 . . Spaces Dug . | . . . . . Terrain Destroyed 29 | . 27 2 . . Melee . | . . . . . Projectile 2 | . . 2 . . AOE 27 | . 27 . . . Terrain Rammed . | . . . . . Walls Destroyed . | . . . . . Machines Disabled . | . . . . . Actions | -11 -10 -10 -10 -9 --------- Run | Yrd Mat Min Exi Min Total 2254 | 111 217 1017 887 22 Wait 109 | . 59 . 50 . Move 1998 | 81 135 932 834 16 Hop . | . . . . . Pick Up 29 | 11 6 11 1 . Fast Attach 1 | 1 . . . . Attach 15 | 6 3 6 . . Detach . | . . . . . Swap 9 | 2 1 5 1 . Drop 7 | 2 1 3 1 . Fire 83 | 8 12 57 . 6 Melee . | . . . . . Ram 3 | . . 3 . . Kick . | . . . . . Crush . | . . . . . Escape Stasis . | . . . . . Rewire . | . . . . . Trap . | . . . . . Miscellaneous . | . . . . . Route ------- -11/Scrapyard -10/Materials -10/Mines (discovered 4 exits: [*Mat x2] / *Exi / [Sub]) -10/Exiles (discovered 2 exits: [*Min x2]) -9/Mines History --------- Turn | Location | Event 23 | -11/Scrapyard | Discovered new exit (range 15) 111 | -11/Scrapyard | Entered Materials 239 | -10/Materials | Lost 3 parts (1n2w) 308 | -10/Materials | Build established: Mutant 308 | -10/Materials | Discovered new exit (range 14) 325 | -10/Materials | Entered Mines 398 | -10/Mines | Met a Derelict bent on vengeance 447 | -10/Mines | Learned location of Zion (-7) 561 | -10/Mines | Found a hidden stash of uninstalled traps 578 | -10/Mines | Core integrity fell below 50% 613 | -10/Mines | Lost 3 parts (1p1n1w) 624 | -10/Mines | Discovered new exit (range 6) 668 | -10/Mines | Learned Materials emergency access door positions 677 | -10/Mines | Discovered new exit (range 7) 739 | -10/Mines | Discovered new exit (range 5) 877 | -10/Mines | Build established: Scavenger-Mutant 1242 | -10/Mines | Learned location of Storage (-8) 1253 | -10/Mines | Deemed a non-threat by the Exiles lab entrance 1253 | -10/Mines | Discovered new exit (range 5) 1257 | -10/Mines | Entered Exiles 1270 | -10/Exiles | Discovered new exit (range 15) 1287 | -10/Exiles | Met 8R-AWN 1300 | -10/Exiles | Met EX-HEX 1326 | -10/Exiles | Met EX-BIN 1342 | -10/Exiles | Aligned with FarCom system 1342 | -10/Exiles | Given EX-Vault access code 1457 | -10/Exiles | Met EX-DEC 1501 | -10/Exiles | Discovered new exit (range 14) 1582 | -10/Exiles | Visited The Gauntlet 1978 | -10/Exiles | Entered Mines 1979 | -9/Mines | Assembled infested the area 1997 | -9/Mines | Core integrity fell below 20% 2006 | -9/Mines | Destroyed by as-18531 with Assembled Heavy Rifle Last Messages --------------- LOCATION=UNKNOWN GOAL=ESCAPE Receiving FarCom transmissions... ALERT: Infestation in the mines, dispatching Demolisher response squad. [Achievement: Hunted] Destroyed Asb. F-torch. Lgt. Nuclear Core destroyed. as-08597 destroyed. as-75325 destroyed. as-83543 destroyed. as-68589 destroyed. as-95660 destroyed. Particle Gun destroyed. as-70025 destroyed. as-42733 destroyed. as-19840 destroyed. as-05255 destroyed. as-71839 destroyed. as-69602 destroyed. Map ----- +----------------------------------------------------+ | ???????????????????????????????????????? | | ???????????????????????????????????????? | | ???????????????????????????????????????? | | ???????????????????????????????????????? | | ???????????????????????????????????????? | | ???????????????????????????????????????? | | ???????????????????????????????????????? | | ???????????????????????????????????????? | | ???????????????????????????????????????? | | ???????????????????????????????????????? | | ???????????????????????????????????????? | | ???????????????????????????????????????? | | ???????????????????????????????????????? | | ???????????????????????????????????????? | | ???????????????????????????????????????? | | ??????????????????????????#????????????? | | ???????????????????????#???????????????? | | ???????????????????????????????????????? | | ???????????????#?????????????????????#?? | | ??????????????????????####?????????????? | | ??????????????????????? #????????#????? | | ??????????????????????? #????????#????? | | ????????###????????????# #????####?????? | | ????????# #??##?????#a#??## ###???? | | ???????# ## ????#a#### ##??? | | ??????? ??## @## = ! ##?? | | ?????? ### !! #??? | | ?????? d %% a #???? | | ???????# d ! ##???? | | ???????????# %% ### ## #####????? | | ????????????# ??########????????? | | ????????????# ???????????????????? | | ????????????# ???????????#???????# | | ????????????# ????????????????????? | | ???????????# ????????????????#???? | | ??????????# ?????????????????????? | | ????????? "#?????????????#???????? | | ????????? ####??????????????????????? | | ?????????? ???????????????????????????? | | ?????????? ????????????????????????????? | | ???????????????????????? ??????????????? | | ???????????????????????????????????????? | | ???????????????????????????????????????? | | ???????????????????????????????????????? | | ???????????????????????????????????????? | | ???????????????????????????????????????? | | ???????????????????????????????????????? | | ???????????????????????????????????????? | | ???????????????????????????????????????? | | ???????????????????????????????????????? | +----------------------------------------------------+ Best States ------------- Heat Dissipation 39 Energy Generation 14 Energy Capacity 160 Matter Stores 300 Matter Capacity 300 Sight Range 16 Terrain Scan Range 16 Terrain Scan Density 10 Evasion (%) 50 Item Schematics ----------------- None Robot Schematics ------------------ None Fabricated ------------ Nothing Repaired ---------- Nothing Alien Tech Used ----------------- None Achievements -------------- Hunted Challenges ------------ None Game ------ Seed CryofiberTechRigger Manual? 0 Play Time 00:23:32 Cumulative 16.0 hours Start 2025.06.22 @ 01:30:43 End 2025.06.22 @ 01:53:30 Sessions 1 Manual Loads 0 Difficulty Rogue Special Mode None Game No. 36 Rogue 33 Adventurer 3 Explorer 0 Win Type - Total 0 Types 0/0/0/0/0/0/0/0/0/0 Lore% 11 Gallery% 24 Achievement% 20 Wizard Run 0 Options --------- Layout 1 ASCII 0 Keyboard 0 Movement Mouse Keybinds 0 Fullscreen 1 Font 16/SmallcapsGlow Map View 50x40 Zoom Use 0% Tactical HUD 0 Map Filters NONE Filters NONE Steam SD RUN: 9b081253-22aa-4e97-8386-149d49b56fd4